 Dungeon Crawl Stone Soup version 0.19-a0-1855-gb7442ac (webtiles) character file.

631681 KarmaPolice the Fencer (level 27, -7/224 HPs)
             Began as a Vampire Gladiator on Oct 8, 2016.
             Was the Champion of Qazlal.
             Killed from afar by a tengu reaver (9 damage)
             ... with a bolt of poison
             ... on level 5 of the Vaults on Oct 12, 2016.
             The game lasted 10:37:52 (124408 turns).

KarmaPolice the Fencer (Vampire Gladiator)        Turns: 124408, Time: 10:37:54

Health: -7/224     AC: 34    Str: 24      XL:     27
Magic:  35/36      EV: 14    Int: 18 (20) God:    Qazlal [******]
Gold:   2964       SH: 29    Dex: 21      Spells: 4 memorised, 20 levels left

rFire  + + +     SeeInvis +     L - +6 demon blade (elec)
rCold  + + +     Gourm    .     J - +2 gold dragon scales
rNeg   + + .     Faith    .     e - +1 shield of the King of the Hill {+Blink Regen+}
rPois  +         Spirit   .     f - +1 hat {MR+}
rElec  +         Dismiss  .     U - +0 cloak {rC+}
rCorr  +         Reflect  +     S - +1 pair of gloves
MR     +++..     Harm     .     p - +0 pair of boots of the Gloaming {Str+7}
Stlth  ..........               V - +6 amulet of reflection
                                D - ring of protection from fire
                                t - ring "Hicanu" {rCorr rC+ Int+6 Stlth-}

@: lethally poisoned (-7 -> -13), resistant, protected from physical damage,
very slightly contaminated, regenerating (expiring), hasted, repel missiles,
drained, very quick
A: fangs 3, see invisible, berserk 1, unbreathing, no device heal 1
a: Bat Form, Upheaval, Elemental Force, Disaster Area, Renounce Religion, Evoke
Blink
}: 2/15 runes: decaying, gossamer


You were on level 5 of the Vaults.
You worshipped Qazlal.
Qazlal was exalted by your worship.
You were very thirsty.

You visited 12 branches of the dungeon, and saw 51 of its levels.
You also visited: Ice Cave.

You collected 6716 gold pieces.
You spent 3752 gold pieces at shops.

Inventory:

Hand Weapons
 a - a +0 demon blade of distortion
 L - a +6 demon blade of electrocution (weapon)
Missiles
 d - 5 throwing nets (quivered)
Armour
 e - the +1 shield of the King of the Hill (worn) {+Blink Regen+}
   (You found it on level 3 of the Depths)

   It lets you blink.
   It increases your rate of regeneration.
 f - a +1 hat of magic resistance (worn)
 p - the +0 pair of boots of the Gloaming (worn) {Str+7}
   (You found it on level 5 of the Dungeon)

   It affects your strength (+7).
 C - the +0 buckler "Cock" {rCorr Str+2 Stlth+}
   (You acquired it on level 1 of the Vaults)

   It affects your strength (+2).
   It protects you from acid and corrosion.
   It makes you more stealthy.
 J - +2 gold dragon scales (worn)
 S - a +1 pair of gloves (worn)
 U - a +0 cloak of cold resistance (worn)
Jewellery
 c - an uncursed ring of positive energy
 i - a +4 ring of dexterity
 t - the ring "Hicanu" (left hand) {rCorr rC+ Int+6 Stlth-}
   (You found it on level 3 of the Elven Halls)

   [ring of resist corrosion]

   It affects your intelligence (+6).
   It protects you from cold.
   It makes you less stealthy.
 y - an uncursed ring of wizardry
 z - an uncursed ring of protection from magic
 D - a ring of protection from fire (right hand)
 V - a +6 amulet of reflection (around neck)
Wands
 g - a wand of teleportation (3/9)
 u - a wand of iceblast (4/15)
 v - a wand of hasting (2/9)
 I - a wand of confusion (22/48)
 O - a wand of digging (10/24)
 P - a wand of lightning (5/15)
 T - a wand of lightning (8/15)
 Y - a wand of digging (11/24)
Scrolls
 k - 2 scrolls of recharging
 l - 30 scrolls of remove curse
 o - a scroll of teleportation
 w - 5 scrolls of amnesia
 E - 10 scrolls of magic mapping
 F - 5 scrolls of fear
 W - 2 scrolls of silence
 Z - 2 scrolls of identify
Potions
 b - 5 potions of magic
 j - 5 potions of curing
 m - 11 potions of brilliance
 n - 2 potions of berserk rage
 q - 10 potions of blood
 B - 6 potions of flight
 H - 2 potions of ambrosia
 K - a potion of invisibility
Books
 s - a book of the Warp

   Spells                             Type                      Level
   a - Gell's Gravitas                Hexes/Translocation          3
   b - Portal Projectile              Translocation                3
   c - Force Lance                    Conjuration/Translocation    4
   d - Dispersal                      Translocation                6
   e - Controlled Blink               Translocation                8
   f - Disjunction                    Translocation                8
 M - a book of Misfortune

   Spells                             Type                      Level
   a - Confusing Touch                Hexes                        1
   b - Confuse                        Hexes                        3
   c - Gell's Gravitas                Hexes/Translocation          3
   d - Petrify                        Transmutation/Earth          4
   e - Metabolic Englaciation         Hexes/Ice                    5
   f - Yara's Violent Unravelling     Hexes/Transmutation          5
Miscellaneous
 h - 3 boxes of beasts


   Skills:
 - Level 20.0(19.9) Fighting
 - Level 20.2(20.1) Long Blades
 - Level 2.1(2.0) Throwing
 + Level 17.7(17.6) Armour
 + Level 14.8(14.7) Dodging
 + Level 12.8(12.6) Shields
 - Level 6.1(6.0) Spellcasting
 - Level 9.0(8.9) Charms
 - Level 9.0(8.9) Necromancy
 - Level 18.4(18.3) Invocations
 - Level 6.0(5.9) Evocations


You had 20 spell levels left.
You knew the following spells:

 Your Spells              Type           Power        Failure   Level  Hunger
a - Infusion              Chrm           ####         12%         1    None
b - Regeneration          Chrm/Necr      #####.....   34%         3    ##.....
c - Invisibility          Hex            #.......     100%        6    #######
d - Controlled Blink      Tloc           N/A          100%        8    #######


Dungeon Overview and Level Annotations

Branches:
Dungeon (15/15)            Temple (1/1) D:6            Lair (6/6) D:8
  Swamp (4/4) Lair:4       Spider (4/4) Lair:2        Slime (2/5) Lair:6
    Orc (2/2) D:10            Elf (3/3) Orc:2        Vaults (5/5) D:14
  Crypt (3/3) Vaults:3       Tomb (0/3) Crypt:3      Depths (5/5) D:15
   Hell (1/1)                 Zot (0/5) Depths:5
    Dis: Hell:1         Geh: Hell:1         Coc: Hell:1         Tar: Hell:1

Altars:
Ashenzari
Cheibriados
Dithmenos
Elyvilon
Fedhas
Gozag
Hepliaklqana
Kikubaaqudgha
Makhleb
Nemelex Xobeh
Okawaru
Qazlal
Ru
Sif Muna
Trog
Uskayaw
Vehumet
Xom
Yredelemnul
Zin
The Shining One
Beogh
Jiyva

Shops:
D:6 :   D:13 =   D:14 %   Orc:2 %**:(   Vaults:1 ?*?   Vaults:3 ?   Vaults:5 %
Depths:2 =

Portals:
Hell: Lair:6 Depths:1 Depths:2 Depths:3 Depths:4 Depths:5
Abyss: Depths:2 Depths:3 Depths:4
Pandemonium: Depths:3
Ziggurat: Depths:5

Annotations:
D:4 Edmund
Hell Geryon


Innate Abilities, Weirdness & Mutations

You heal slowly.
You have razor-sharp teeth.
You have supernaturally acute eyesight. (SInv)
You can survive without breathing.
You tend to lose your temper in combat.
Potions and wands are less effective at restoring your health.


Message History

You resist.
* * * LOW HITPOINT WARNING * * *
The explosion engulfs the ironbrand convoker.
You hear a sizzling sound!
The explosion engulfs the tengu reaver.
The explosion engulfs the ogre mage.
You hear a shout!
You hear a deafening roar!
You hear a shout!
The ogre mage casts a spell.
The ogre mage flickers and vanishes for a moment.
The tengu reaver gestures at you while chanting.
The bolt of poison hits the two-headed ogre.
The bolt of poison hits you! You resist.
* * * LOW HITPOINT WARNING * * *
You blink.
You feel slightly more thirsty.
You hear a shout!
The tengu reaver points at you and mumbles some strange words.
The bolt of poison hits you!
You are lethally poisoned!
You resist.
You die...

..# ##....p............
###..#
#.....#§§..).......
##....#
##...###D(.........
##.....# ##.##
##..#p.....# ##......#
##...###..###().(##
#.......#
#.....#W.##%##.c##
#.......#
##.....§##?...pe.##
#....(.#
##..O(..##?[.[...#
##.....#
##@.pO^.§.##..(.#p(
#.(..)#
#....§Op#..##..|##.
##.(..#
##...Q.###..##...## .
##...#c...###...##
#..##.##.
...##)..#D...##.§...#
..%###..
....'.((.#.D..#.......#
...# .#
##'####.(#....##........
..... ##(#....###(......
..p. #
##(#.≈).##......... ....


You could see an ironheart preserver, a tengu reaver, an ogre mage (invisible),
an ironbrand convoker, a freezing wraith, a two-headed ogre and an ogre.

Vanquished Creatures
  3 ancient liches
  Saint Roka (Elf:3)
  Frederick (Depths:3)
  A curse toe (Crypt:3)
  2 golden dragons
  Jorgrun (Depths:3)
  4 tentacled monstrosities
  9 liches
  2 deep elf blademasters (Elf:2)
  A titan (Depths:4)
  6 ancient champions
  3 acid blobs (Slime:1)
  Kirke (Spider:1)
  4 sphinxes
  2 storm dragons
  2 tengu reavers
  5 shadow dragons
  3 revenants
  3 azure jellies (Slime:1)
  7 fire giants
  A draconian zealot (Depths:5)
  7 deep elf sorcerers
  7 frost giants
  A draconian scorcher (Depths:5)
  5 ghost moths
  Aizul (Swamp:1)
  2 caustic shrike zombies
  21 vault wardens
  2 curse skulls
  7 emperor scorpions
  3 deep elf elementalists
  4 ghouls
  21 ironheart preservers
  20 stone giants
  33 very ugly things
  2 war gargoyles
  5 vampire knights
  2 entropy weavers
  A caustic shrike skeleton (Depths:4)
  12 deep elf annihilators
  A mottled draconian (Depths:5)
  9 deep elf demonologists
  A dire elephant (Lair:6)
  3 white draconians (Depths:5)
  7 eidola
  11 spark wasps
  A blizzard demon (IceCv)
  2 green deaths
  A merfolk javelineer (Depths:2)
  8 deep elf death magi
  14 ettins
  13 yaktaur captains
  10 fire dragons
  A merfolk impaler (Depths:4)
  4 deep elf high priests
  6 jiangshi
  15 ogre magi
  2 death oozes (Swamp:4)
  16 great orbs of eyes
  Erolcha (D:11)
  2 spriggan air magi
  15 hydras
  6 rakshasas
  2 hell beasts
  35 vault guards
  15 ice dragons
  2 ghost crabs
  4 death knights
  37 dancing weapons
  12 alligators
  9 deep troll shamans
  13 centaur warriors
  6 vampire magi
  2 catoblepae (D:15)
  5 death yaks
  11 deep troll earth magi
  A hell hog (shapeshifter) (Elf:3)
  Urug (Lair:2)
  A spriggan berserker (Depths:3)
  10 tengu warriors
  2 thrashing horrors (Swamp:4)
  6 orc high priests
  28 deep elf knights
  3 sun demons
  7 shadow wraiths
  A soul eater (Crypt:3)
  A titan skeleton (Vaults:3)
  38 skeletal warriors
  A spark wasp zombie (Depths:1)
  A golden dragon zombie (Crypt:2)
  11 hell knights (Depths:3)
  A sixfirhy (Lair:6)
  3 fire crabs (shapeshifter)
  2 iron trolls
  8 unseen horrors
  34 deep trolls
  9 glowing orange brains
  2 spriggan druids
  10 wizards
  13 flayed ghosts
  3 shambling mangroves
  6 phantasmal warriors
  A spectral minotaur (Depths:3)
  An orb spider (shapeshifter) (Depths:1)
  2 orange crystal statues (Depths:3)
  A spectral hydra (Depths:3)
  19 deep elf archers
  5 swamp dragons
  5 necromancers
  16 hill giants
  22 ironbrand convokers
  A harpy (shapeshifter) (Depths:1)
  11 harpies
  A wolf spider zombie (Crypt:2)
  22 orc knights
  19 orb spiders
  30 wolf spiders
  68 deep elf magi
  2 shadow dragon skeletons
  4 mana vipers (Depths:3)
  6 orc sorcerers
  A manticore (D:11)
  A sphinx skeleton (Depths:1)
  2 shining eyes (Slime:1)
  5 cyclopes
  An elephant (Lair:6)
  63 ugly things
  A hell hog skeleton (Crypt:1)
  2 ice statues (IceCv)
  2 frost giant skeletons (Vaults:3)
  5 black mambas
  A smoke demon (Lair:6)
  12 vault sentinels
  A black mamba (shapeshifter) (Vaults:3)
  3 gargoyles
  An elephant (shapeshifter) (Depths:2)
  A shock serpent zombie (Crypt:2)
  2 fire giant skeletons
  A moth of wrath (Lair:3)
  5 orange demons
  A naga mage (Depths:1)
  A torpor snail (Spider:4)
  A rust devil (Depths:1)
  21 spiny frogs
  A human zombie (Vaults:2)
  3 rime drakes
  2 kobold demonologists (D:13)
  A yaktaur (shapeshifter) (Depths:1)
  3 efreet
  A red draconian zombie (Crypt:3)
  16 komodo dragons
  15 freezing wraiths
  69 yaktaurs
  A death yak skeleton (Crypt:2)
  A red devil (Lair:6)
  2 spectral merfolk (Depths:3)
  A troll (shapeshifter) (Vaults:2)
  8 demonic crawlers
  3 yaktaur skeletons (Vaults:3)
  A hellwing (Lair:6)
  2 queen bees (shapeshifter)
  15 ice devils
  9 trolls
  27 jumping spiders
  2 tengu conjurers
  4 tyrant leeches
  30 two-headed ogres
  A harpy skeleton (Crypt:2)
  2 hornets (shapeshifter)
  A hydra skeleton (Crypt:2)
  6 polar bears
  9 blink frogs
  15 hornets
  61 slime creatures
  2 raiju (shapeshifter)
  8 large abominations
  A stone giant simulacrum (Depths:1)
  12 bog bodies
  A flying skull (Crypt:3)
  A frost giant simulacrum (Vaults:2)
  A fire giant simulacrum (Crypt:2)
  10 hippogriffs
  30 tarantellas
  7 vampires
  2 fire dragon skeletons
  2 ettin skeletons
  12 shadows
  2 redbacks (shapeshifter)
  A spriggan (shapeshifter) (Vaults:1)
  48 yaks
  A satyr skeleton (Crypt:1)
  92 redbacks
  11 spriggans
  12 water elementals
  8 air elementals
  3 wyverns
  4 hogs (Spider:1)
  2 humans (shapeshifter)
  13 wraiths
  A tarantella (shapeshifter) (D:14)
  5 fire elementals
  A fire bat (shapeshifter) (Vaults:5)
  3 small abominations (Depths:2)
  8 basilisks
  13 vampire mosquitoes
  2 steam dragons
  4 hungry ghosts
  3 chaos spawn
  16 insubstantial wisps
  4 mottled dragons
  2 soldier ants (D:8)
  17 swamp worms
  A soldier ant (shapeshifter) (Vaults:1)
  A glowing shapeshifter zombie (Crypt:1)
  14 wargs
  A deep troll skeleton (Crypt:3)
  6 hell hounds
  Duvessa (D:4)
  14 water moccasins
  A hydra simulacrum (Depths:3)
  A spiny frog skeleton (Crypt:3)
  A gelid demonspawn skeleton (Crypt:3)
  A floating eye (shapeshifter) (D:15)
  2 spectral trolls (Depths:3)
  49 orc warriors
  9 porcupines
  2 snapping turtle zombies (Depths:3)
  7 swamp drakes
  3 floating eyes
  3 ice beasts
  2 sky beasts
  An eye of draining (shapeshifter) (Vaults:2)
  3 spectral spriggans (Depths:3)
  A black bear (shapeshifter) (Depths:4)
  A phantom (D:4)
  17 boggarts
  3 black bears
  4 eyes of draining
  53 ogres
  A blink frog zombie (Crypt:1)
  5 necrophages
  9 wolves
  22 centaurs
  A snapping turtle skeleton (Crypt:2)
  14 crocodiles
  3 big kobolds (D:13)
  2 wyvern zombies
  A fire crab zombie (Crypt:1)
  20 bullfrogs
  5 human skeletons
  3 earth elementals
  A komodo dragon zombie (Crypt:2)
  A water moccasin zombie (Crypt:1)
  3 wyvern skeletons
  A merfolk simulacrum (Depths:3)
  Dowan (D:4)
  A scorpion (shapeshifter) (Vaults:1)
  A water moccasin skeleton (D:4)
  4 scorpions
  3 spectral nagas (Depths:3)
  5 spectral ogres (Depths:3)
  9 killer bees
  18 wights
  14 howler monkeys
  2 spectral centaurs (Depths:3)
  2 bullfrog zombies
  4 crimson imps
  3 centaur zombies
  A hound (shapeshifter) (Depths:5)
  A quasit (D:10)
  A wyvern simulacrum (D:13)
  8 hounds
  7 jellies
  31 orc wizards
  2 bullfrog skeletons
  7 centaur skeletons
  33 orc priests
  17 worker ants
  Natasha (thrice) (D:4)
  7 iguanas
  A worker ant (shapeshifter) (D:15)
  A basilisk skeleton (Crypt:1)
  8 hell rats
  A crocodile skeleton (Crypt:1)
  A felid skeleton (Crypt:2)
  2 hound skeletons
  A mummy (D:7)
  4 gnolls (D:7)
  21 adders
  2 river rats (D:8)
  4 shadow imps
  5 white imps (IceCv)
  An ooze (shapeshifter) (Depths:5)
  2 oozes (D:2)
  3 ufetubi (IceCv)
  2 adder skeletons
  2 worms
  A dart slug (D:1)
  3 leopard geckos
  115 orcs
  7 giant cockroaches
  A gnoll zombie (Crypt:1)
  9 goblins
  11 hobgoblins
  7 jackals
  5 quokkas
  21 bats
  2 dart slug zombies
  A frilled lizard (shapeshifter) (D:14)
  11 frilled lizards
  A jackal skeleton (D:8)
  23 kobolds
  A quokka skeleton (D:8)
  A quokka zombie (D:8)
  19 rats
  57 fungi
  34 plants
2640 creatures vanquished.

Vanquished Creatures (collateral kills)
  A juggernaut (Depths:4)
  A Tzitzimitl (Depths:4)
  An iron dragon (D:10)
  Snorg (Lair:5)
  A catoblepas (Lair:5)
  A deep elf knight (Vaults:2)
  3 swamp dragons (Swamp:4)
  A phantasmal warrior (Vaults:5)
  A wizard (Vaults:2)
  A black mamba (Lair:5)
  5 dream sheep (Lair:5)
  A wyvern (D:14)
  A wyvern skeleton (D:14)
  An orc (D:10)
20 creatures vanquished.

Vanquished Creatures (others)
  2 deep elf master archers (Elf:3)
  A vault warden (Vaults:5)
  Nessos (Lair:6)
  A vault guard (Vaults:5)
  7 yaktaur captains
  2 centaur warriors
  2 deep elf archers
  2 wolf spiders
  A deep elf mage (Elf:2)
  16 yaktaurs
  A redback (Spider:4)
  A human (Spider:2)
  2 wargs (Depths:3)
  A swamp worm (Swamp:4)
  2 ogres
  6 centaurs
  A jelly (shapeshifter) (Vaults:5)
  4 white imps (IceCv)
  7 ufetubi (IceCv)
  An orc (D:9)
  31 fungi
  19 plants
111 creatures vanquished.

Grand Total: 2771 creatures vanquished

Notes
Turn   | Place    | Note
-------+----------+-------------------------------------------
     0 | D:1      | KarmaPolice the Vampire Gladiator began the quest for the Orb.
     0 | D:1      | Reached XP level 1. HP: 16/16 MP: 1/1
   174 | D:1      | Reached XP level 2. HP: 22/22 MP: 2/2
  1546 | D:2      | Reached XP level 3. HP: 3/27 MP: 3/3
  1547 | D:2      | Gained mutation: You are occasionally teleported next to monsters. [potion of mutation]
  1547 | D:2      | Gained mutation: Your mind is acute. (Int +2) [potion of mutation]
  1547 | D:2      | Gained mutation: You are resistant to hostile enchantments. (MR+) [potion of mutation]
  2853 | D:2      | Found a bloodstained altar of Trog.
  2920 | D:2      | Reached XP level 4. HP: 28/34 MP: 4/4
  4075 | D:3      | Found an iron altar of Okawaru.
  4120 | D:3      | You fall through a shaft!
  4134 | D:4      | Noticed Natasha
  4136 | D:4      | Noticed a phantom
  4138 | D:4      | Killed Natasha
  4138 | D:4      | Reached XP level 5. HP: 33/40 MP: 2/5
  4812 | D:3      | You are sucked into a shaft!
  5236 | D:3      | Reached skill level 5 in Dodging
  6254 | D:4      | Noticed Duvessa
  6254 | D:4      | Noticed Dowan
  6355 | D:4      | Reached XP level 6. HP: 36/47 MP: 6/6
  6547 | D:4      | Noticed Natasha
  6562 | D:4      | Killed Natasha
  6788 | D:4      | Noticed Edmund
  6935 | D:4      | Noticed Natasha
  7214 | D:4      | Killed Natasha
  7305 | D:4      | Reached skill level 5 in Long Blades
  7305 | D:4      | Reached XP level 7. HP: 33/53 MP: 7/7
  8861 | D:4      | Killed Duvessa
  8861 | D:4      | Reached skill level 1 in Evocations
  8879 | D:4      | Killed Dowan
  9126 | D:5      | Entered Level 5 of the Dungeon
  9709 | D:5      | Got a pair of encrusted boots
  9715 | D:5      | Identified the +0 pair of boots of the Gloaming {Str+7} (You found it on level 5 of the Dungeon)
  9727 | D:5      | Reached skill level 1 in Armour
 10020 | D:5      | Reached XP level 8. HP: 10/61 MP: 6/9
 10896 | D:5      | Reached skill level 5 in Fighting
 11214 | D:6      | Found Lerog's Book Shoppe.
 11233 | D:6      | Found an opulent altar of Gozag.
 11233 | D:6      | Found a shadowy altar of Dithmenos.
 11236 | D:6      | Found a hide-covered altar of Uskayaw.
 11449 | D:6      | Found a staircase to the Ecumenical Temple.
 11459 | Temple   | Entered the Ecumenical Temple
 11595 | Temple   | Became a worshipper of Qazlal Stormbringer
 11931 | D:6      | Reached skill level 1 in Invocations
 12519 | D:6      | Reached XP level 9. HP: 60/68 MP: 11/11
 12538 | D:6      | Found a basalt altar of Yredelemnul.
 13057 | D:7      | Reached * piety under Qazlal
 13159 | D:7      | Found a snail-covered altar of Cheibriados.
 15032 | D:8      | Reached ** piety under Qazlal
 15071 | D:8      | Got a jewelled chain mail
 15255 | D:8      | HP: 3/71 [poisoned by a soldier ant]
 15955 | D:8      | Found a staircase to the Lair.
 15981 | D:8      | Reached XP level 10. HP: 77/77 MP: 12/12
 16054 | D:8      | Found a white marble altar of Elyvilon.
 16400 | D:8      | Found a shattered altar of Ashenzari.
 16477 | D:8      | Found a hazy altar of Hepliaklqana.
 16571 | D:8      | Identified the +6 chain mail of Vuntedidgh {*Drain rF+ MR+} (You took it off an orc on level 8 of the Dungeon)
 16590 | D:9      | Found a sparkling altar of Nemelex Xobeh.
 16947 | D:9      | Found a blossoming altar of Fedhas.
 16982 | D:9      | Reached *** piety under Qazlal
 17099 | D:9      | Reached skill level 5 in Armour
 17156 | D:9      | Found a shattered altar of Ashenzari.
 17166 | D:9      | Found a shimmering altar of Xom.
 17280 | D:9      | Found a blossoming altar of Fedhas.
 17397 | D:10     | Entered Level 10 of the Dungeon
 17532 | D:10     | Noticed a hill giant
 17556 | D:10     | Noticed an unseen horror
 17582 | D:10     | Killed an unseen horror
 17613 | D:10     | Noticed an unseen horror
 17627 | D:10     | Killed an unseen horror
 17654 | D:10     | Killed a hill giant
 17654 | D:10     | Reached skill level 5 in Invocations
 17771 | D:10     | Noticed a hill giant
 17940 | D:10     | Noticed an unseen horror
 18263 | D:10     | Found a glowing silver altar of Zin.
 18897 | D:10     | Found a roughly hewn altar of Beogh.
 18897 | D:10     | Found a staircase to the Orcish Mines.
 18963 | D:10     | Killed an unseen horror
 19101 | D:10     | Noticed a green ugly thing
 19274 | D:9      | Reached XP level 11. HP: 36/86 MP: 15/15
 20021 | Lair:1   | Entered Level 1 of the Lair of Beasts
 20029 | Lair:1   | Noticed a five-headed hydra
 20512 | D:8      | Killed a five-headed hydra
 21776 | Lair:1   | Reached skill level 10 in Long Blades
 21903 | Lair:2   | Found a hole to the Spider Nest.
 21953 | Lair:2   | Noticed Urug
 23100 | Lair:2   | Killed Urug
 23689 | Lair:3   | Reached **** piety under Qazlal
 24142 | Lair:2   | Reached XP level 12. HP: 95/95 MP: 17/17
 25243 | Lair:4   | Found a staircase to the Swamp.
 25403 | Lair:4   | Found a radiant altar of Vehumet.
 26889 | Lair:5   | Noticed a catoblepas
 27594 | Lair:5   | Killed a catoblepas
 27911 | Lair:6   | Entered Level 6 of the Lair of Beasts
 27932 | Lair:5   | Reached skill level 10 in Fighting
 27955 | Lair:6   | Noticed a six-headed hydra
 28086 | Lair:6   | Noticed Snorg
 28136 | Lair:5   | Killed Snorg
 28564 | Lair:6   | Noticed a five-headed hydra
 29289 | Lair:6   | Noticed Nessos
 29885 | Orc:1    | Entered Level 1 of the Orcish Mines
 29891 | Orc:1    | Noticed an orc high priest
 30662 | D:10     | Reached XP level 13. HP: 67/103 MP: 18/20
 31039 | Orc:1    | Found a roughly hewn altar of Beogh.
 31432 | Orc:2    | Entered Level 2 of the Orcish Mines
 31433 | Orc:2    | Found Mekh's Food Boutique.
 32578 | Orc:2    | Found a staircase to the Elven Halls.
 32638 | Orc:1    | HP: 2/104 [orc priest/divine providence[an orc knight] (13)]
 33852 | Orc:2    | Found a bloodstained altar of Trog.
 34777 | Orc:2    | Reached skill level 10 in Invocations
 35496 | D:10     | Noticed an iron dragon
 35668 | D:10     | Killed an iron dragon
 37448 | Orc:1    | HP: 4/106 [orc knight/enchanted dire flail (19)]
 39181 | Orc:2    | Found Puoc's Weapon Emporium.
 39181 | Orc:2    | Found Plog's General Store.
 39181 | Orc:2    | Found Pygrykh's Book Emporium.
 39184 | Orc:2    | Found Meklyodd's Assorted Antiques.
 39501 | Orc:2    | Bought a scroll of identify for 34 gold pieces
 39514 | Orc:2    | Bought a potion of agility for 64 gold pieces
 39514 | Orc:2    | Bought a scroll of identify for 32 gold pieces
 39576 | Orc:2    | Bought a potion of curing for 51 gold pieces
 39576 | Orc:2    | Bought a scroll labeled KYFFOTR VAISH for 17 gold pieces
 39576 | Orc:2    | Bought a scroll labeled CILIRCHOISS for 17 gold pieces
 41137 | Lair:6   | Killed Nessos
 41475 | Lair:5   | Reached XP level 14. HP: 85/113 MP: 21/21
 41969 | Lair:6   | Reached skill level 5 in Evocations
 42088 | Lair:5   | Reached skill level 10 in Armour
 42628 | Lair:6   | Reached ***** piety under Qazlal
 42889 | Lair:6   | Found a viscous altar of Jiyva.
 42889 | Lair:6   | Found a staircase to the Slime Pits.
 43489 | Lair:6   | Found a burning altar of Makhleb.
 44272 | Lair:6   | Found a gateway to Hell.
 45288 | D:11     | Got a pitted buckler
 45302 | D:11     | Identified the +2 buckler "Kaan" {rPois Int+6 Slay-2} (You found it on level 11 of the Dungeon)
 45388 | D:11     | Found a white marble altar of Elyvilon.
 45470 | D:11     | Noticed Erolcha
 45477 | D:11     | Killed Erolcha
 46897 | D:13     | Reached XP level 15. HP: 119/119 MP: 23/23
 47187 | D:13     | Reached ****** piety under Qazlal
 47283 | D:13     | Found Vesum's Jewellery Emporium.
 47367 | D:13     | You fall through a shaft for 2 floors!
 47367 | D:15     | Entered Level 15 of the Dungeon
 47374 | D:14     | Found a gate to the Vaults.
 47378 | D:14     | Found Lommunech's Food Boutique.
 48612 | D:14     | Gained mutation: Your muscles are strong. (Str +2) [potion of beneficial mutation]
 50943 | D:15     | Found a staircase to the Depths.
 51341 | D:15     | Found a shimmering altar of Xom.
 51343 | D:15     | Found a shimmering altar of Xom.
 51344 | D:15     | Found a shimmering altar of Xom.
 51344 | D:15     | Found a shimmering altar of Xom.
 51344 | D:15     | Found a shimmering altar of Xom.
 51348 | D:15     | Found a shimmering altar of Xom.
 51348 | D:15     | Found a shimmering altar of Xom.
 53190 | Swamp:1  | Entered Level 1 of the Swamp
 54239 | Lair:4   | Reached XP level 16. HP: 125/127 MP: 25/25
 55697 | Swamp:2  | Noticed Aizul
 55733 | Swamp:1  | Killed Aizul
 59249 | Swamp:4  | Entered Level 4 of the Swamp
 59313 | Swamp:4  | Reached skill level 15 in Long Blades
 59945 | Lair:2   | Learned a level 1 spell: Infusion
 59949 | Lair:2   | Learned a level 3 spell: Regeneration
 60050 | Spider:1 | Entered Level 1 of the Spider Nest
 60206 | Lair:2   | Reached skill level 1 in Spellcasting
 60386 | Lair:1   | Reached skill level 1 in Charms
 63466 | Spider:2 | Noticed Kirke
 64420 | Swamp:3  | Reached XP level 17. HP: 109/134 MP: 27/27
 65631 | Swamp:4  | Reached skill level 5 in Charms
 66334 | Swamp:4  | Got a decaying rune of Zot
 66556 | Swamp:4  | Reached skill level 1 in Necromancy
 67746 | Spider:1 | Killed Kirke
 70091 | Spider:3 | Found a frozen archway.
 70097 | IceCv    | Entered an ice cave
 72335 | Elf:1    | Entered Level 1 of the Elven Halls
 72925 | Elf:1    | Reached skill level 5 in Necromancy
 73279 | Elf:1    | Reached XP level 18. HP: 121/141 MP: 19/28
 73653 | Elf:1    | HP: 4/141 [earth elemental (24)]
 74500 | Elf:2    | Lost mutation: Your muscles are strong. (Str +2) [potion of cure mutation]
 74500 | Elf:2    | Lost mutation: You are occasionally teleported next to monsters. [potion of cure mutation]
 74500 | Elf:2    | Lost mutation: You are resistant to hostile enchantments. (MR+) [potion of cure mutation]
 74500 | Elf:2    | Lost mutation: Your mind is acute. (Int +2) [potion of cure mutation]
 74525 | Elf:2    | Learned a level 6 spell: Invisibility
 74666 | Elf:2    | Found a runed door.
 74693 | Elf:2    | Found a runed door.
 75079 | Elf:2    | HP: 7/141 [poisoned by a glaive of venom]
 77552 | Elf:3    | Entered Level 3 of the Elven Halls
 77558 | Elf:3    | Noticed Saint Roka
 77724 | Elf:2    | HP: 6/142 [deep elf blademaster/rapier of protection (15)]
 79525 | Elf:2    | Reached skill level 15 in Invocations
 79531 | Elf:2    | Upgraded the game from 0.19-a0-1834-g6b7851e to 0.19-a0-1855-gb7442ac
 79873 | Vaults:1 | Entered Level 1 of the Vaults
 81154 | Vaults:1 | Reached XP level 19. HP: 147/149 MP: 30/30
 81296 | Vaults:1 | Found Naipnaps's Magic Scroll Shoppe.
 81367 | Vaults:1 | Bought a scroll of identify for 38 gold pieces
 81367 | Vaults:1 | Bought a scroll of identify for 38 gold pieces
 81367 | Vaults:1 | Bought a scroll of identify for 38 gold pieces
 81367 | Vaults:1 | Bought a scroll of identify for 38 gold pieces
 81377 | Vaults:1 | Bought a scroll of acquirement for 988 gold pieces
 81377 | Vaults:1 | Bought a scroll of torment for 142 gold pieces
 82138 | Vaults:1 | Found Edydymn's Assorted Antiques.
 82508 | Vaults:1 | Found Nab Xura's Magic Scroll Shop.
 82516 | Vaults:1 | Bought a scroll of identify for 38 gold pieces
 82516 | Vaults:1 | Bought a scroll of identify for 38 gold pieces
 82516 | Vaults:1 | Bought a scroll of identify for 38 gold pieces
 82516 | Vaults:1 | Bought a scroll of summoning for 180 gold pieces
 82516 | Vaults:1 | Bought a scroll of identify for 38 gold pieces
 82524 | Vaults:1 | Got a smoking buckler
 82530 | Vaults:1 | Identified the +0 buckler "Cock" {rCorr Str+2 Stlth+} (You acquired it on level 1 of the Vaults)
 85279 | Vaults:2 | Reached skill level 15 in Armour
 87258 | Vaults:3 | Reached XP level 20. HP: 121/159 MP: 32/32
 87781 | Vaults:3 | Found a staircase to the Crypt.
 88881 | Vaults:3 | Found Couxt's Magic Scroll Emporium.
 88886 | Vaults:3 | Bought a scroll of identify for 44 gold pieces
 90610 | Vaults:4 | Reached skill level 15 in Fighting
 91961 | Vaults:4 | Reached XP level 21. HP: 74/169 MP: 33/33
 93253 | Vaults:3 | Bought a scroll of recharging for 209 gold pieces
 93253 | Vaults:3 | Bought a scroll of brand weapon for 440 gold pieces
 93580 | Depths:1 | Entered Level 1 of the Depths
 94013 | Depths:1 | Reached skill level 1 in Shields
 95452 | Depths:1 | Found a runed door.
 96511 | Depths:1 | Found a radiant altar of Vehumet.
 96511 | Depths:1 | Noticed an ancient lich
 96524 | Depths:1 | Killed an ancient lich
 96531 | Depths:1 | Identified the Tome of Arcane Weapons
 98487 | Depths:2 | Reached XP level 22. HP: 113/179 MP: 35/35
 98798 | Depths:2 | Reached skill level 10 in Dodging
 98848 | Depths:2 | Found Sypap's Jewellery Shop.
 98870 | Depths:2 | Found a one-way gate to the infinite horrors of the Abyss.
 98985 | Depths:2 | Found an iron altar of Okawaru.
 99713 | Depths:3 | Noticed Jorgrun
 99801 | Depths:3 | Noticed Frederick
100617 | Depths:4 | Noticed a golden dragon
100892 | Depths:3 | Killed a golden dragon
100968 | Depths:4 | Noticed a juggernaut
101691 | Depths:4 | Killed a juggernaut
102749 | Depths:4 | Noticed a golden dragon
102837 | Depths:4 | Killed a golden dragon
103008 | Depths:4 | Noticed an ancient lich
103028 | Depths:4 | Killed an ancient lich
103028 | Depths:4 | Reached XP level 23. HP: 88/188 MP: 32/36
104174 | Depths:3 | Got a smoking shield
104720 | Depths:3 | Killed Frederick
104991 | Depths:3 | Killed Jorgrun
105237 | Depths:3 | Found a one-way gate leading to the halls of Pandemonium.
105275 | Depths:3 | Reached XP level 24. HP: 194/197 MP: 15/36
105896 | Depths:3 | Identified the +1 shield of the King of the Hill {+Blink Regen+} (You found it on level 3 of the Depths)
105919 | Depths:3 | Reached XP level 25. HP: 203/203 MP: 36/36
106449 | Depths:5 | Entered Level 5 of the Depths
106767 | Depths:5 | Found a gateway to a ziggurat.
107189 | Depths:5 | Got a steaming chain mail
107202 | Depths:5 | Identified the +4 chain mail of the Mind {+Inv rCorr MP+9 Str+3} (You found it on level 5 of the Depths)
108321 | Depths:5 | Found a gate to the Realm of Zot.
108713 | Depths:2 | Bought an uncursed ring of protection from fire for 350 gold pieces
109062 | Vaults:1 | Bought a scroll of silence for 142 gold pieces
109781 | Spider:3 | Reached skill level 5 in Spellcasting
110168 | Spider:4 | Entered Level 4 of the Spider Nest
110525 | Spider:4 | Reached XP level 26. HP: 174/211 MP: 33/36
111326 | Spider:4 | Got a gossamer rune of Zot
111760 | Slime:1  | Entered Level 1 of the Pits of Slime
111762 | Slime:1  | Gained mutation: Your spells are a little easier to cast, but a little less powerful. [a shining eye]
111838 | Slime:1  | Gained mutation: Your magical capacity is low. (-10% MP) [a shining eye]
111843 | Slime:1  | Gained mutation: You are frail. (-10% HP) [a shining eye]
111855 | Slime:1  | Gained mutation: You tend to lose your temper in combat. [a shining eye]
113121 | Orc:2    | Bought a box of beasts for 340 gold pieces
113926 | Elf:3    | Gained mutation: Armour fits poorly on your strangely shaped body. [a cacodemon]
114893 | Elf:3    | Got an ichor-stained buckler
114908 | Elf:3    | Identified the +1 buckler of You Go First {rElec rCorr Slay-4} (You took it off a deep elf death mage on level 3 of the Elven Halls)
115139 | Elf:3    | Lost mutation: Armour fits poorly on your strangely shaped body. [potion of cure mutation]
115139 | Elf:3    | Lost mutation: You are frail. (-10% HP) [potion of cure mutation]
115139 | Elf:3    | Lost mutation: Your magical capacity is low. (-10% MP) [potion of cure mutation]
115139 | Elf:3    | Lost mutation: You tend to lose your temper in combat. [potion of cure mutation]
115139 | Elf:3    | Lost mutation: Your spells are a little easier to cast, but a little less powerful. [potion of cure mutation]
115161 | Elf:3    | Killed Saint Roka
115571 | Elf:3    | Learned a level 8 spell: Controlled Blink
115620 | Elf:3    | Got a serpentine bone ring
115622 | Elf:3    | Identified the ring "Hicanu" {rCorr rC+ Int+6 Stlth-} (You found it on level 3 of the Elven Halls)
115755 | Elf:3    | Reached skill level 10 in Shields
116176 | Orc:2    | Bought 2 scrolls of silence for 255 gold pieces
116775 | Vaults:1 | Bought a scroll of magic mapping for 66 gold pieces
117045 | Vaults:3 | Got a warped double sword
117047 | Vaults:3 | Identified the +1 double sword of Ullausaf {slice, Str+5} (You acquired it on level 3 of the Vaults)
117158 | Crypt:1  | Entered Level 1 of the Crypt
119044 | Crypt:3  | Entered Level 3 of the Crypt
119344 | Crypt:3  | Reached XP level 27. HP: 182/222 MP: 24/36
120509 | Crypt:3  | Found a staircase to the Tomb.
121058 | Crypt:3  | Noticed an ancient lich
121140 | Crypt:3  | Killed an ancient lich
121151 | Crypt:3  | Got a polished rapier
121200 | Crypt:3  | Identified the +9 rapier "Seit" {pierce, *Slow rPois rN+ Int+9} (You found it on level 3 of the Crypt)
122174 | Vaults:5 | Entered Level 5 of the Vaults
122606 | Vaults:5 | Found Leezip's Food Boutique.
122677 | Vaults:5 | Gained mutation: You tend to lose your temper in combat. [mutagenic glow]
122919 | Vaults:4 | Gained mutation: Potions and wands are less effective at restoring your health. [mutagenic glow]
123394 | Vaults:3 | Bought a scroll of fear for 77 gold pieces
123748 | Hell     | Entered the Vestibule of Hell
123748 | Hell     | Noticed Geryon
124396 | Vaults:5 | HP: 10/224 [tentacled monstrosity (9)]
124401 | Vaults:5 | HP: 9/224 [tentacled monstrosity (6)]
124407 | Vaults:5 | HP: 1/224 [tengu reaver/bolt of poison (9)]
124408 | Vaults:5 | Killed from afar by a tengu reaver

Vault maps used:
D:1:      dpeg_arrival_rooms_with_view, st_stairs_13
D:2:      nicolae_overflow_crystal_walls, first_bread, minmay_domino_2
D:3:      marbit_many_paths, portal_sewer_entry_d, minmay_large_rounded_square
D:4:      grunt_decor_resistance, uniq_duvessa, uniq_natasha, uniq_edmund
D:5:      guppyfry_early_orc_mine
D:6:      old_standard_altar, minitemple, serial_shops, nicolae_shop_waterfront,
          dk_vineyard_1, minivault_10, minmay_misc_feat_diagonals
D:7:      slow_altar_2
D:8:      lemuel_doored_altar, kennysheep_little_box,
          grunt_lair_entry_orc_guard_hut, basic_altar, hangedman_pestilent_swarm
D:9:      amethyst_overflow_temple_binary, overflow_temple_1_default,
          basic_altar, fedhas_altar_4
D:10:     david_orc_5, basic_altar
D:11:     basic_altar, uniq_erolcha
D:12:     roderic_malta_cross
D:13:     lab_entry_generic, serial_shops, shop
D:14:     david_vaults_2, minmay_crystal_room, serial_shops, shop
D:15:     hangedman_depths_entry_civil_slaughter, nicolae_xom_altar_mimics
Temple:   kb_temple_of_zot
Lair:2:   spider_nest_entry_web_field, uniq_urug
Lair:3:   kennysheep_basilisk_garden
Lair:4:   swamp_mist, basic_altar
Lair:5:   guppyfry_lair_drakes, grunt_megastairs_4, lemuel_fruit_tree
Lair:6:   evil_forest, dpeg_slime_entry_enclosed_altar, uniq_snorg, uniq_nessos
Swamp:1:  serial_swamp_ruin, evilmike_swamp_ruin_house_3,
          evilmike_swamp_ruin_house_6, swamp_pool1
Swamp:2:  hangedman_swamp_ruin_hall, uniq_aizul
Swamp:3:  hangedman_swamp_pad
Swamp:4:  swamp_vile
Spider:2: uniq_kirke
Spider:3: portal_ice_cave_entry_dragon
Spider:4: grunt_spider_rune_circles
Orc:1:    basic_altar
Orc:2:    st_orc_elflike, serial_shops, shop, david_defended_altar_orc
Elf:1:    evilmike_minifort, st_stairs_3
Elf:3:    grunt_elf_hall_branching, lemuel_flamethrower_3, uniq_saint_roka
Vaults:1: nicolae_vaults_little_squares_3, grunt_vaults_bifocal,
          v_alt_pattern_3, ontoclasm_vaults_ligature, vaults_room_hallway,
          vaults_mumra_hex, nicolae_vaults_ring_of_whatevers,
          nicolae_vaults_mini_display_case, serial_shops, shop,
          nicolae_shop_trees, nicolae_shop_trees
Vaults:2: grunt_vaults_funnel, ontoclasm_vaults_twist, v_misc_1,
          ontoclasm_vaults_bender, vaults_mumra_bighexcomb, vaults_room_corners,
          v_misc_2, v_pattern_5, vaults_dpeg_ring, dpeg_vaults_monster_row,
          nicolae_vaults_angled_halls, v_misc_8, ontoclasm_vaults_pinch,
          v_misc_16, ontoclasm_vaults_decontamination
Vaults:3: v_misc_4, hangedman_vaults_corner_blocks, vaults_room_hallway,
          minmay_crypt_entry_skeletal_spiral, vaults_room_pools,
          ontoclasm_vaults_idyll, nicolae_vaults_network_quincunx, v_misc_27,
          nicolae_vaults_network_star, ontoclasm_vaults_ring_small,
          nicolae_vaults_little_squares_4, nicolae_vaults_sealed_display,
          v_pattern_4, serial_shops, shop_scrolls
Vaults:4: hangedman_vaults_restitches, hangedman_vaults_nodes, v_misc_15,
          nicolae_vaults_big_angled_halls, hangedman_vaults_hat,
          ontoclasm_vaults_gateway, nicolae_vaults_ring_of_whatevers,
          vaults_room_hallway
Crypt:2:  minmay_misc_feat_ornament, st_stairs_10
Crypt:3:  david_glass_crypt
Depths:1: hell_entry, minmay_misc_feat_alley, st_stairs_11, minmay_holes,
          kennysheep_decorative_pillar, grunt_absolute_annihilation
Depths:2: kennysheep_blocky_room, hell_entry, serial_shops, shop,
          minmay_room_of_horrors, nrook_pool_corridor, okawaru_ov_weapons_minmay
Depths:3: lemuel_river_lethe, abyss_entry, hell_entry, serial_shops, pan_entry,
          uniq_frederick, uniq_jorgrun
Depths:4: lemuel_traditional_vault, abyss_entry, grunt_mini_vestibule
Depths:5: evilmike_zot_entry_round, enter_ziggurat_a, hangedman_coc_ice_floe,
          minivault_11
IceCv:    ice_cave_small_demon

Skill      XL: |  1  2  3  4  5  6  7  8  9 10 11 12 13 14 15 16 17 18 19 20 21 22 23 24 25 26 27 |
---------------+----------------------------------------------------------------------------------+-----
Fighting       | 2 3 4 5 6 8 9 10 11 12 13 14 15 16 17 18 19 20 | 20.0
Dodging        | 4 5 6 7 9 12 13 14 | 14.8
Long Blades    | 4 5 6 7 8 9 10 11 12 13 14 15 16 17 18 19 20 | 20.2
Throwing       | 2 |  2.1
Evocations     | 2 3 4 6 |  6.0
Armour         | 1 3 4 6 7 8 9 10 11 12 13 14 15 16 17 | 17.7
Invocations    | 1 3 5 7 9 10 11 12 13 14 15 16 17 18 | 18.4
Spellcasting   | 3 4 5 6 |  6.1
Charms         | 3 7 8 9 |  9.0
Necromancy     | 5 6 8 9 |  9.0
Shields        | 4 6 8 10 12 | 12.8

Action                   |  1- 3 |  4- 6 |  7- 9 | 10-12 | 13-15 | 16-18 | 19-21 | 22-24 | 25-27 || total
-------------------------+-------+-------+-------+-------+-------+-------+-------+-------+-------++-------
Melee: Long sword        |   117 |   195 |   424 |   912 |   290 |       |       |       |       ||  1938
       Bite              |    10 |    23 |    71 |   225 |   411 |   468 |   602 |   332 |   587 ||  2729
       Unarmed           |       |    31 |       |    48 |     8 |     6 |       |       |     6 ||    99
       Scimitar          |       |       |       |       |  1448 |   597 |       |       |       ||  2045
       Demon blade       |       |       |       |       |       |  1484 |  2336 |  1296 |  2326 ||  7442
 Fire: Blowgun           |       |     8 |    80 |    34 |       |       |       |       |       ||   122
Throw: Javelin           |       |       |     8 |     6 |     6 |       |       |       |       ||    20
       Throwing net      |       |       |     4 |     2 |       |       |       |       |       ||     6
 Cast: Infusion          |       |       |       |       |       |    20 |     2 |    23 |    49 ||    94
       Regeneration      |       |       |       |       |       |    10 |   156 |   101 |    84 ||   351
Invok: Elemental Force   |       |       |       |     6 |     3 |     2 |     3 |     3 |     4 ||    21
       Disaster Area     |       |       |       |       |       |     1 |       |       |     2 ||     3
 Abil: Bat Form          |       |    15 |    20 |    58 |    62 |    78 |     4 |     8 |    20 ||   265
       End Transformatio |       |    15 |    20 |    58 |    62 |    78 |     4 |     8 |    20 ||   265
       Evoke Blink       |       |       |       |       |       |       |       |       |     4 ||     4
Evoke: Wand              |       |       |       |    23 |    12 |    10 |     5 |     1 |    10 ||    61
       Box of beasts     |       |       |       |       |       |       |       |       |     1 ||     1
  Use: Potion            |     2 |     8 |    10 |    18 |    45 |    63 |    50 |    31 |    66 ||   293
       Scroll            |       |       |     8 |    12 |    10 |     8 |    13 |     5 |    35 ||    91
 Stab: Sleeping          |     2 |     6 |     4 |       |       |       |       |       |       ||    12
       Distracted        |       |     1 |       |       |       |     1 |     2 |     4 |       ||     8
       Confused          |       |       |       |       |       |     1 |       |       |       ||     1
       Invisible         |       |       |       |       |       |     1 |       |       |     6 ||     7
  Eat: Corpse            |     2 |     3 |     6 |     4 |     5 |     1 |       |       |       ||    21
Armor: Leather armour    |    37 |    54 |    12 |       |       |       |       |       |       ||   103
       Robe              |       |       |    65 |     2 |       |       |       |       |       ||    67
       Chain mail        |       |       |       |   352 |   508 |   764 |   610 |   272 |   271 ||  2777
       Gold dragon scale |       |       |       |       |       |       |       |       |   420 ||   420
Dodge: Dodged            |    96 |   164 |   411 |   478 |   658 |  1002 |   885 |   453 |   700 ||  4847
       Deflected         |       |       |       |       |    27 |    48 |    95 |    17 |    35 ||   222
Block: Other             |       |       |    43 |   367 |   670 |  1085 |   881 |     3 |     5 ||  3054
       Reflection        |       |       |     3 |     1 |    50 |    53 |   118 |    42 |   126 ||   393
       Buckler           |       |       |       |       |       |       |   197 |   734 |       ||   931
       Shield            |       |       |       |       |       |       |       |       |  2695 ||  2695
       Rpst.: Long sword |    23 |    43 |   113 |    99 |    39 |       |       |       |       ||   317
       Scimitar          |       |       |       |       |   137 |    79 |       |       |       ||   216
       Demon blade       |       |       |       |       |       |   124 |   168 |    82 |   100 ||   474
